 Dungeon Crawl Stone Soup version 0.22-a0-422-g9628fc8 (webtiles) character file.

1450108 hyperdstrtn the Crack Shot (level 27, 226/234 HPs)
             Began as a Centaur Wanderer on May 18, 2018.
             Was a High Priest of Hepliaklqana.
             Escaped with the Orb
             ... and 3 runes on May 20, 2018!
             The game lasted 10:02:53 (104108 turns).

hyperdstrtn the Crack Shot (Centaur Wanderer)     Turns: 104108, Time: 10:02:54

Health: 226/234    AC: 42    Str: 22    XL:     27
Magic:  27/29      EV:  8    Int: 12    God:    Hepliaklqana [*****.]
Gold:   1639       SH:  0    Dex: 14    Spells: 19/34 levels left

rFire    + . .     SeeInvis .   q - +4 longbow (freeze)
rCold    + . .     Gourm    .   (shield currently unavailable)
rNeg     . . .     Faith    .   s - +8 plate armour {MR+}
rPois    .         Spirit   .   T - +1 hat "Zan Arigh" {+Inv}
rElec    .         Reflect  .   j - scarf {rC+ rF+}
rCorr    .         Harm     .   c - +2 pair of gloves
MR       ++++.                  G - +0 centaur barding
Stlth    ..........             n - amulet of regeneration
HPRegen  0.89/turn              m - ring "Zaledu" {Wiz MR+ Str+2}
MPRegen  0.21/turn              k - ring of Robustness {AC+8}

@: very slightly contaminated, hasted, invisible, very quick
A: large, reduced essence, hooves 3, deformed body, speed 2, low mp 2, screaming
2, tough skin 3, weak 1, no potion heal 1
0: Orb of Zot
}: 3/15 runes: barnacled, slimy, gossamer
a: Recall Ancestor, Ancestor Identity, Transference, Idealise, Renounce Religion


You escaped.
You worshipped Hepliaklqana.
Hepliaklqana was extremely pleased with you.
You were very full.

You visited 9 branches of the dungeon, and saw 50 of its levels.
You visited 1 bazaar.
You also visited: Sewer, Ossuary, Ice Cave and Desolation.

You collected 6346 gold pieces.
You spent 4707 gold pieces at shops.

Inventory:

Hand Weapons
 q - a +4 longbow of freezing (weapon)
Missiles
 r - 9 throwing nets {!f}
 X - 199 arrows (quivered)
Armour
 c - a +2 pair of gloves (worn)
 j - a scarf of resistance (worn)
 s - a +8 plate armour of magic resistance (worn)
 G - a +0 centaur barding (worn)
 T - the +1 hat "Zan Arigh" (worn) {+Inv}
   (You found it in an ice cave)

   It lets you turn invisible.
Jewellery
 e - the ring "Kutishri" {+Fly rElec Str-2 Int+2}
   (You found it on level 3 of the Vaults)

   [ring of flight]

   It affects your strength (-2).
   It affects your intelligence (+2).
   It insulates you from electricity.
   It lets you fly.
 f - an uncursed ring of protection from fire
 i - an uncursed ring of see invisible
 k - the ring of Robustness (right hand) {AC+8}
   (You found it on level 5 of the Pits of Slime)

   [ring of protection]

   It affects your AC (+8).
 m - the ring "Zaledu" (left hand) {Wiz MR+ Str+2}
   (You found it on level 3 of the Depths)

   [ring of wizardry]

   It improves your spell success rate.
   It affects your strength (+2).
   It affects your resistance to hostile enchantments.
 n - an amulet of regeneration (around neck)
 p - the ring of Conversion {Wiz rPois rF+}
   (You found it on level 3 of the Realm of Zot)

   [ring of wizardry]

   It improves your spell success rate.
   It protects you from fire.
   It protects you from poison.
 K - the ring "Istump" {rCorr rPois Dex-3 Stlth+}
   (You took it off a merfolk on level 4 of the Shoals)

   [ring of resist corrosion]

   It affects your dexterity (-3).
   It protects you from poison.
   It makes you more stealthy.
Wands
 w - a wand of clouds (7)
 C - a wand of acid (11)
 E - a wand of enslavement (6)
 P - a wand of paralysis (18)
 V - a wand of digging (37)
Scrolls
 g - 20 scrolls of remove curse {@r2!d}
 l - 10 scrolls of blinking
 o - a scroll of immolation {!r}
 t - 7 scrolls of identify {@r1}
 u - 16 scrolls of teleportation {!d}
 D - 3 scrolls of holy word
 M - 3 scrolls of vulnerability {!r}
 O - 5 scrolls of silence {!r}
 Q - a scroll of summoning {!r}
 S - 5 scrolls of fear
 Z - 2 scrolls of fog
Potions
 h - 3 potions of haste {!q}
 v - 14 potions of curing {@q1}
 z - 2 potions of resistance {!q}
 A - 5 potions of cancellation {!q}
 H - 3 potions of flight
 I - 4 potions of lignification {!q}
 J - 6 potions of agility
 L - 5 potions of heal wounds
 R - 7 potions of mutation {!q}
 U - 6 potions of ambrosia {!q}
 W - 3 potions of might
Miscellaneous
 b - a phial of floods
 d - a lamp of fire
 x - a phantom mirror
 B - a box of beasts
 F - a fan of gales (inert)
 N - a lightning rod (4/4) {!a}
Comestibles
 Y - 27 rations {!d}


   Skills:
 - Level 24.0 Fighting
   Level 10.0 Maces & Flails
 - Level 25.0 Bows
   Level 12.3 Crossbows
 - Level 1.1 Throwing
 - Level 16.0 Armour
 - Level 10.0 Dodging
 - Level 1.0 Stealth
 - Level 4.0 Spellcasting
 - Level 6.0 Transmutations
 - Level 12.2 Earth Magic
 - Level 12.0 Invocations
 * Level 19.4 Evocations


You had 19 spell levels left.
You knew the following spells:

 Your Spells              Type           Power        Failure   Level  Hunger
a - Summon Small Mammal   Summ           #...         56%         1    #......
l - Blink                 Tloc           N/A          71%         2    ##.....
n - Animate Dead          Necr           N/A          99%         4    #####..
s - Animate Skeleton      Necr           N/A          56%         1    #......
w - Passwall              Tmut/Erth      ###.......   2%          2    ##.....
z - Lee's Rapid Deconstr  Erth           ####......   14%         5    ######.

Your spell library contained the following spells:

 Spells                   Type           Power        Failure   Level  Hunger
 Cause Fear               Hex            #.........   99%         4    #####..
 Magic Dart               Conj           #...         56%         1    #......
 Fireball                 Conj/Fire      #.........   100%        5    ######.
 Conjure Flame            Conj/Fire      #.......     89%         3    ###....
 Bolt of Fire             Conj/Fire      #.........   100%        6    #######
 Bolt of Cold             Conj/Ice       #.........   100%        6    #######
 Lightning Bolt           Conj/Air       #.........   100%        5    ######.
 Bolt of Magma            Conj/Fire/Erth ##........   98%         5    ######.
 Slow                     Hex            #.......     71%         2    ##.....
 Confuse                  Hex            #.......     89%         3    ###....
 Throw Flame              Conj/Fire      #.....       71%         2    ##.....
 Freezing Cloud           Conj/Ice/Air   #.........   100%        6    #######
 Mephitic Cloud           Conj/Pois/Air  #.......     89%         3    ###....
 Ring of Flames           Chrm/Fire      #.........   100%        7    #######
 Venom Bolt               Conj/Pois      #.........   100%        5    ######.
 Teleport Other           Tloc           #.......     89%         3    ###....
 Iskenderun's Mystic Bla  Conj           #.......     99%         4    #####..
 Summon Horrible Things   Summ           #.........   100%        8    #######
 Pain                     Necr           #...         56%         1    #......
 Vampiric Draining        Necr           #.........   89%         3    ###....
 Ozocubu's Refrigeration  Ice            #.........   100%        6    #######
 Sticky Flame             Conj/Fire      #.......     99%         4    #####..
 Summon Ice Beast         Ice/Summ       #.......     99%         4    #####..
 Call Imp                 Summ           #.......     71%         2    ##.....
 Regeneration             Chrm/Necr      #.........   89%         3    ###....
 Tukima's Dance           Hex            #.......     89%         3    ###....
 Summon Demon             Summ           #.........   100%        5    ######.
 Summon Greater Demon     Summ           #.........   100%        7    #######
 Iron Shot                Conj/Erth      ###.......   100%        6    #######
 Stone Arrow              Conj/Erth      ###...       19%         3    ###....
 Shock                    Conj/Air       #...         56%         1    #......
 Swiftness                Chrm/Air       #.......     71%         2    ##.....
 Recall                   Summ/Tloc      N/A          89%         3    ###....
 Spider Form              Tmut/Pois      #.........   52%         3    ###....
 Blade Hands              Tmut           ###.......   85%         5    ######.
 Statue Form              Tmut/Erth      ###......    93%         6    #######
 Ice Form                 Ice/Tmut       #.......     89%         4    #####..
 Dragon Form              Tmut           ###.......   100%        7    #######
 Shadow Creatures         Summ           N/A          100%        6    #######
 Flame Tongue             Conj/Fire      #....        56%         1    #......
 Sticks to Snakes         Tmut           ###.....     10%         2    ##.....
 Call Canine Familiar     Summ           #.......     89%         3    ###....
 Ensorcelled Hibernation  Hex/Ice        #.....       71%         2    ##.....
 Metabolic Englaciation   Hex/Ice        #.........   100%        5    ######.
 Shatter                  Erth           ####......   100%        9    #######
 Static Discharge         Conj/Air       #.......     89%         3    ###....
 Corona                   Hex            #......      56%         1    #......
 Sandblast                Erth           ####..       1%          1    #......
 Simulacrum               Ice/Necr       #.........   100%        6    #######
 Conjure Ball Lightning   Conj/Air       #.........   100%        6    #######
 Monstrous Menagerie      Summ           #.........   100%        7    #######
 Petrify                  Tmut/Erth      ###.....     17%         4    #####..
 Passage of Golubria      Tloc           N/A          99%         4    #####..
 Orb of Destruction       Conj           #.........   100%        7    #######
 Malign Gateway           Summ/Tloc      #.........   100%        7    #######
 Tornado                  Air            #.........   100%        9    #######
 Shroud of Golubria       Chrm/Tloc      #.........   71%         2    ##.....
 Inner Flame              Hex/Fire       #.......     89%         3    ###....
 Aura of Abjuration       Summ           #.........   100%        5    ######.
 Beastly Appendage        Tmut           ###...       6%          1    #......
 Disjunction              Tloc           #.........   100%        8    #######
 Iskenderun's Battlesphe  Conj/Chrm      #.......     100%        5    ######.
 Fulminant Prism          Conj/Hex       #.........   99%         4    #####..
 Dazzling Spray           Conj/Hex       #.....       89%         3    ###....
 Force Lance              Conj/Tloc      #.......     99%         4    #####..
 Infusion                 Chrm           #...         56%         1    #......
 Searing Ray              Conj           #.....       71%         2    ##.....
 Summon Forest            Summ/Tloc      #.........   100%        5    ######.
 Summon Lightning Spire   Summ/Air       #.......     99%         4    #####..
 Summon Guardian Golem    Hex/Summ       #.......     89%         3    ###....
 Dragon's Call            Summ           #.........   100%        9    #######
 Spellforged Servitor     Conj/Summ      #.........   100%        7    #######
 Summon Mana Viper        Hex/Summ       #.......     100%        5    ######.
 Hydra Form               Tmut           ###.......   100%        6    #######
 Irradiate                Conj/Tmut      #.........   99%         5    ######.
 Poisonous Vapours        Pois/Air       #.....       71%         2    ##.....
 Ignition                 Fire           #.........   100%        8    #######


Dungeon Overview and Level Annotations

Branches:
Dungeon (15/15)            Temple (0/1) D:7            Lair (6/6) D:11
 Shoals (4/4) Lair:4       Spider (4/4) Lair:3        Slime (5/5) Lair:5
    Orc (2/2) D:10            Elf (0/3) Orc:2        Vaults (4/5) D:13
  Crypt (0/3) Vaults:2     Depths (5/5) D:15            Zot (5/5) Depths:5

Altars:
Ashenzari
Fedhas
Gozag
Hepliaklqana
Kikubaaqudgha
Makhleb
Okawaru
Ru
Uskayaw
Vehumet
Yredelemnul
The Shining One
Beogh
Jiyva

Shops:
D:10 }   D:14 *   Orc:2 }[[(!   Shoals:4 [   Vaults:4 (

Portals:
Hell: Depths:1 Depths:2 Depths:3 Depths:4 Depths:5
Abyss: Depths:4
Pandemonium: Depths:3 Depths:4
Ziggurat: Depths:1
Trove: Vaults:3 (give +4 ice dragon scales)

Annotations:
D:7 exclusion: downstairs
D:12 exclusion: oklob plant
Shoals:3 exclusion: downstairs
Shoals:4 Ilsuiw
Slime:5 !
Vaults:3 trove +4 ids
Vaults:5 !
Depths:3 exclusion: knight


Innate Abilities, Weirdness & Mutations

You have hooves in place of feet.
Armour fits poorly on your strangely shaped body.
You cover ground very quickly.
You have extremely tough skin. (AC +3)
Your life essence is reduced to manifest your ancestor. (-10% HP)
Your magical capacity is very low. (-20% MP)
You sometimes yell uncontrollably at your foes.
You are weak. (Str -2)
Potions are less effective at restoring your health.


Message History

Heraldur iz recalled.
Hyu svap places.
Kastink: Passvall (safe; 2% risk uf failure) Konfirm vith . or Enter, or press ? or * to list hell schpells.
Hyu don' know dat schpell.
Kastink: Passvall (safe; 2% risk uf failure) Konfirm vith . or Enter, or press ? or * to list hell schpells.
Vich direction?
Hyu begin to meditate on de vall.
Hyu kontinue meditatink on de rock. x2
Hyu fineesh mergink vith de rock.
Dere iz a schtone schtaircase leadink up, schpattered vith blood here.
Hyu klimb upvards.
Dere iz a schtone schtaircase leadink down here.
Magic restored.
A red devil komes into viev.
It iz vieldink a trident.
Dere iz a schtone schtaircase leadink up here.
Hyu klimb upvards.
Level annotation: hekslusion: oklob plant Dere iz a schtone schtaircase leadink down here.
Heraldur iz recalled.
Kastink: Passvall (safe; 2% risk uf failure) Konfirm vith . or Enter, or press ? or * to list hell schpells.
Vich direction?
Hyu begin to meditate on de vall.
Hyu kontinue meditatink on de rock. x3
Hyu fineesh mergink vith de rock.
Heraldur iz recalled.
Hyu svap places.
Dere iz a schtone schtaircase leadink up here.
Hyu klimb upvards.
Dere iz a schtone schtaircase leadink down here.
Dere iz a schtone schtaircase leadink up here.
Hyu klimb upvards.
Dere iz a schtone schtaircase leadink down here.
Dere iz a schtone schtaircase leadink up here.
Hyu klimb upvards.
Dere iz a schtone schtaircase leadink down here.
An efreet komes into viev.
It iz vieldink a scimitar uf flamink.
De efreet gestures at hyu.
De bolt uf fire misses hyu.
De efreet gestures at hyu.
De bolt uf fire hits hyu!
Hyu resist.
Damage: -0%(-1hp) hp: 100%(233hp) De efreet gestures at hyu.
De fireball heksplodes!
De fireball engulfs hyu!
De efreet gestures at hyu.
De bolt uf fire hits hyu!
Hyu resist.
Heraldur hits de efreet vith a broad axe uf schpeed.
Damage: -0%(-2hp) hp: 100%(232hp) De efreet gestures at hyu.
De fireball heksplodes!
De fireball engulfs hyu!
Heraldur hits de efreet but does no damage.
Dere iz a schtone schtaircase leadink up here.
Heraldur iz recalled.
Hyu klimb upvards.
Dere iz a schtone schtaircase leadink down here.
Dere iz a schtone schtaircase leadink up, schpattered vith blood here.
Heraldur iz recalled.
Hyu klimb upvards.
Level annotation: hekslusion: downstairs Dere iz a schtone schtaircase leadink down here.
Kastink: Passvall (safe; 2% risk uf failure) Konfirm vith . or Enter, or press ? or * to list hell schpells.
Vich direction?
Hyu begin to meditate on de vall.
Hyu kontinue meditatink on de rock. x2
Hyu fineesh mergink vith de rock.
Dere iz a schtone schtaircase leadink up here.
Heraldur iz recalled.
Hyu klimb upvards.
Dere iz a schtone schtaircase leadink down here.
Dere iz a schtone schtaircase leadink up here.
Hyu klimb upvards.
Dere iz a schtone schtaircase leadink down here.
Onknown kommund.
Dere iz a schtone schtaircase leadink up here.
Hyu klimb upvards.
Dere iz a schtone schtaircase leadink down here.
Hyu svap places.
Dere iz a schtone schtaircase leadink up here.
Hyu klimb upvards.
Dere iz a schtone schtaircase leadink down here.
Dere iz a schtone schtaircase leadink up here.
Hyu klimb upvards.
Dere iz a schtone schtaircase leadink down here.
Dere iz a schtone schtaircase leadink up here.
Hyu klimb upvards.
Dere iz a schtone schtaircase leadink down here.
Really qvaff
h - 4 potions uf heste {!q}?
Hyu feel hyuself schpeed up.
Hyu fade into invisibility!
Hyu are very lightly kontaminated vith residual magic.
As hyu open de door, it kreaks loudly!
A soul eater komes into viev.
Dere iz an open door here.
De soul eater dravs from de surroundink life force!
Damage: -1%(-4hp) hp: 99%(230hp) De soul eater dravs from de surroundink life force!
Dere iz a schtaircase leadink out uf de dungeon here.
Damage: -2%(-5hp) hp: 97%(225hp) Heraldur iz recalled.
Hyu hef escaped!

#############################.###
######## #.... ###.....'# #####
#'.......## ##### #
##.........###...######
##...........##.........
##.............#.#.######
####..............###.#
#..........@R.........#
#.##........).....##..#
######.###......3......+...#
.........##...........##...#
#####..#..'#.........###.###
#......##.......##...#
####.####.###.....##..###
#...........#######...#
#.##.####.#.#.........#


You could see the friendly Haraldur the knight and a soul eater.

Vanquished Creatures
  the Royal Jelly (Slime:5)
  3 orbs of fire (Zot:5)
  2 ancient liches (Zot:5)
  A juggernaut (Depths:4)
  Sojobo (Depths:3)
  A Killer Klown (Zot:5)
  6 curse toes
  A caustic shrike (Depths:3)
  6 golden dragons
  A caustic shrike (shapeshifter) (Depths:5)
  3 electric golems
  16 tentacled monstrosities
  19 Orb Guardians (Zot:5)
  2 liches
  5 quicksilver dragons
  A titan (Depths:4)
  16 acid blobs
  8 death cobs
  5 tengu reavers
  2 sphinxes
  5 storm dragons
  Polyphemus (Shoals:2)
  8 shadow dragons
  8 fire giants
  Roxanne (D:14)
  4 draconian monks
  11 azure jellies
  Ilsuiw (Shoals:4)
  2 iron dragons
  2 orc warlords
  2 vault wardens
  9 frost giants
  A caustic shrike zombie (Depths:5)
  7 ghost moths
  8 draconian knights
  An imperial myrmidon (Desolation)
  5 emperor scorpions
  8 draconian scorchers
  6 draconian stormcallers
  3 spriggan defenders
  6 draconian shifters
  3 ironheart preservers
  10 stone giants
  3 vampire knights
  5 very ugly things
  3 draconian annihilators (Zot:2)
  9 green draconians
  9 entropy weavers
  2 deep elf demonologists
  9 purple draconians
  4 spark wasps
  10 black draconians
  A dire elephant (D:15)
  12 white draconians
  9 yellow draconians
  9 red draconians
  Snorg (Lair:6)
  A halazid warlock (Desolation)
  5 merfolk javelineers
  A crystal guardian (Desolation)
  3 ragged hierophants (Desolation)
  A deep elf death mage (Depths:4)
  8 ettins
  7 death oozes
  5 merfolk impalers
  5 yaktaur captains
  6 fire dragons
  5 great orbs of eyes
  6 ice dragons
  8 peacekeepers (Desolation)
  12 ogre magi
  2 rakshasas
  5 servants of whispers (Desolation)
  5 hydras
  10 vault guards
  3 spriggan air magi (Depths:3)
  A death knight (Vaults:1)
  An alligator snapping turtle (Shoals:3)
  7 centaur warriors
  A catoblepas (Shoals:2)
  46 two-headed ogres
  2 satyrs
  2 merfolk avatars (Shoals:4)
  7 merfolk aquamancers
  5 death yaks
  2 vampire magi
  7 deep troll shamans
  A queen ant (Lair:4)
  A deep troll earth mage (Depths:5)
  4 spriggan berserkers
  6 tengu warriors
  An orc high priest (Orc:2)
  Sonja (D:12)
  3 iron trolls (Depths:5)
  A deep elf knight (Vaults:3)
  A soul eater (Depths:1)
  2 naga sharpshooters (Depths:3)
  A sun demon (Depths:1)
  A shadow wraith (Vaults:3)
  2 hell knights (Depths:3)
  A fire crab (Lair:6)
  4 skeletal warriors
  2 unseen horrors
  A death drake (shapeshifter) (Vaults:3)
  11 sea snakes
  21 deep trolls
  3 wizards
  A glowing orange brain (Depths:4)
  A phantasmal warrior (Vaults:2)
  3 necromancers
  A guardian serpent (Desolation)
  A flayed ghost (Depths:3)
  An obsidian statue (Zot:5)
  20 harpies
  6 ironbrand convokers
  Pikel (D:4)
  12 orc knights
  5 manticores
  4 orc sorcerers
  A cyclops (shapeshifter) (D:13)
  16 orb spiders
  17 fauns
  A salamander (D:15)
  24 wolf spiders
  17 moths of wrath
  21 ugly things
  4 water nymphs
  4 cyclopes
  5 merfolk sirens
  5 black mambas (Lair:6)
  Joseph (Lair:1)
  3 ice statues (IceCv)
  2 molten gargoyles (Lair:6)
  3 apocalypse crabs (Zot:2)
  2 gargoyles
  8 vault sentinels
  2 spiny frogs (shapeshifter) (D:13)
  3 spiny frogs (Lair:6)
  An efreet (D:13)
  An elf zombie (Depths:4)
  2 rime drakes
  2 kobold demonologists (D:11)
  24 yaktaurs
  13 demonic crawlers
  4 freezing wraiths
  5 komodo dragons
  18 merfolk
  8 trolls
  3 meliai (Spider:2)
  2 tengu conjurers
  22 jumping spiders
  A jumping spider (shapeshifter) (D:13)
  7 blink frogs
  4 wind drakes
  18 hornets
  5 polar bears
  5 hippogriffs
  A wolf spider simulacrum (D:13)
  38 saltlings (Desolation)
  3 snapping turtles
  13 dream sheep
  84 slime creatures
  2 frost giant simulacra
  A spriggan (shapeshifter) (D:13)
  3 spriggans (Depths:5)
  43 redbacks
  4 shadows
  22 yaks
  7 tarantellas
  4 water elementals
  A wraith (Vaults:1)
  4 basilisks
  3 wyverns (Lair:6)
  3 fire elementals (D:14)
  2 golden eyes (Slime:5)
  2 steam dragons (Lair:6)
  2 humans (shapeshifter)
  Grum (Lair:1)
  A human simulacrum (Vaults:2)
  A vampire mosquito (D:13)
  20 wargs
  2 nagas (Depths:3)
  A soldier ant (shapeshifter) (Depths:4)
  6 hell hounds
  12 soldier ants (Lair:4)
  5 water moccasins
  10 porcupines
  Duvessa (D:5)
  3 floating eyes (Depths:3)
  40 orc warriors
  A porcupine (shapeshifter) (Depths:1)
  A black bear (shapeshifter) (D:13)
  A black bear (D:11)
  A necrophage (D:11)
  An ice beast (D:5)
  A phantom (D:7)
  6 eyes of draining
  25 ogres
  14 wolves
  A crocodile (Lair:3)
  3 boggarts
  14 centaurs
  The ghost of Tiareth the Gusty, an amateur TeAE (D:3)
  7 big kobolds
  21 bullfrogs
  A wyvern skeleton (D:10)
  Dowan (D:5)
  4 scorpions
  2 howler monkeys
  2 electric eels
  5 crimson imps
  4 centaur zombies
  A bullfrog zombie (D:5)
  7 jellies
  4 hounds
  22 orc priests
  A bullfrog skeleton (D:11)
  5 centaur skeletons
  3 iguanas
  25 orc wizards
  30 worker ants
  A hound skeleton (D:6)
  8 mummies
  A gnoll (D:1)
  15 adders
  2 shadow imps
  11 oozes (Sewer)
  An adder zombie (D:7)
  2 adder skeletons
  A dart slug (D:3)
  19 leopard geckos
  96 orcs
  5 ball pythons
  5 bats
  16 giant cockroaches
  6 goblins
  7 hobgoblins
  7 jackals
  14 kobolds
  7 quokkas
  11 frilled lizards
  3 kobold zombies (Ossuary)
  A leopard gecko zombie (D:5)
  An orc zombie (Ossuary)
  A quokka zombie (D:5)
  3 rats
  A rat zombie (D:5)
  2 fire vortices
  A fungus (D:5)
  A plant (Lair:4)
1694 creatures vanquished.

Vanquished Creatures (collateral kills)
  3 ancient liches (Zot:5)
  An orb of fire (Zot:2)
  A juggernaut (Depths:2)
  Boris (Vaults:3)
  Saint Roka (Depths:3)
  A curse toe (Zot:2)
  A Killer Klown (Zot:5)
  4 golden dragons
  4 tentacled monstrosities
  An electric golem (Zot:5)
  3 liches
  6 Orb Guardians (Zot:5)
  2 quicksilver dragons
  3 acid blobs (Slime:5)
  4 sphinxes
  A death cob (Zot:3)
  An ancient champion (Depths:3)
  Kirke (D:14)
  4 storm dragons
  6 shadow dragons
  2 tengu reavers
  A fire giant (Depths:4)
  2 draconian monks
  5 azure jellies
  2 draconian scorchers
  3 draconian knights
  3 frost giants
  2 orc warlords
  2 vault wardens
  A ghost moth (Zot:5)
  Aizul (Depths:2)
  2 draconian shifters (Zot:2)
  5 emperor scorpions
  An imperial myrmidon (Desolation)
  An angel (Depths:1)
  A juggernaut zombie (Depths:4)
  A ghoul (Vaults:2)
  3 draconian annihilators
  A draconian stormcaller (Zot:3)
  3 ironheart preservers
  5 stone giants
  10 very ugly things
  2 spriggan defenders
  2 entropy weavers
  A green draconian (Zot:1)
  4 black draconians
  5 red draconians
  A vampire knight (Depths:5)
  A deep elf annihilator (Vaults:2)
  6 purple draconians
  3 yellow draconians
  2 halazid warlocks (Desolation)
  2 white draconians
  Azrael (D:14)
  An ettin (Depths:3)
  2 deep elf death magi
  2 merfolk javelineers (Shoals:4)
  5 merfolk impalers
  2 fire dragons
  A death ooze (Slime:3)
  A yaktaur captain (Vaults:3)
  The ghost of p0werm0de the Cleaver, a journeyman DDFi of Makhleb (Orc:1)
  5 ragged hierophants (Desolation)
  6 vault guards
  4 rakshasas
  10 ogre magi
  A great orb of eyes (shapeshifter) (Vaults:1)
  4 ice dragons
  A hell beast (Depths:1)
  10 great orbs of eyes
  A hydra (Lair:1)
  Harold (D:11)
  3 peacekeepers (Desolation)
  5 spriggan air magi
  6 centaur warriors
  2 death knights
  A merfolk avatar (Shoals:4)
  4 tengu warriors
  35 two-headed ogres
  3 death yaks (Lair:6)
  6 deep troll earth magi
  A satyr (Shoals:3)
  2 vampire magi
  4 deep troll shamans
  2 spriggan berserkers (Depths:2)
  A deep elf knight (Vaults:1)
  An iron troll (D:13)
  A hell knight (Depths:3)
  3 skeletal warriors
  5 sea snakes
  A death drake (shapeshifter) (Vaults:3)
  2 unseen horrors (D:15)
  A flayed ghost (Depths:4)
  A glowing orange brain (Vaults:2)
  3 deep elf archers
  10 deep trolls
  A phantasmal warrior (Vaults:2)
  A harpy (shapeshifter) (Depths:5)
  4 ironbrand convokers
  8 deep elf magi
  5 wizards
  9 wolf spiders
  7 harpies
  12 ugly things
  4 orc knights
  5 orb spiders
  A shining eye (shapeshifter) (Depths:3)
  4 orc sorcerers
  A sphinx skeleton (Vaults:2)
  8 moths of wrath
  A centaur zombie (D:14)
  A cyclops (shapeshifter) (D:13)
  5 manticores
  7 fauns
  4 cyclopes
  2 black mambas (Lair:6)
  A guardian serpent (Desolation)
  2 merfolk sirens (Shoals:4)
  A water nymph (Shoals:1)
  A human skeleton (Vaults:2)
  6 apocalypse crabs (Zot:2)
  A vault sentinel (Vaults:3)
  A rust devil (Depths:1)
  A torpor snail (Spider:1)
  2 spiny frogs
  A molten gargoyle (Desolation)
  A rime drake (Lair:2)
  17 yaktaurs
  2 freezing wraiths (Vaults:1)
  A komodo dragon (Lair:1)
  A kobold demonologist (D:14)
  7 demonic crawlers
  2 tengu conjurers
  5 trolls
  8 merfolk
  10 jumping spiders
  7 polar bears (IceCv)
  5 snapping turtles
  5 wind drakes
  A hornet (shapeshifter) (Depths:4)
  28 saltlings (Desolation)
  A hornet (Lair:1)
  Prince Ribbit (D:6)
  3 hippogriffs
  5 dream sheep
  60 slime creatures
  A fire giant simulacrum (Vaults:3)
  A meliai zombie (D:10)
  41 redbacks
  A shadow (D:13)
  2 wraiths
  9 yaks
  3 basilisks
  9 tarantellas
  2 hogs (D:14)
  3 water elementals
  4 vampire mosquitoes
  11 wargs
  5 soldier ants
  An acid dragon (Zot:1)
  Menkaure (D:5)
  3 hell hounds
  2 water moccasins
  3 porcupines
  3 ice beasts
  An eye of draining (shapeshifter) (Depths:1)
  A phantom (D:6)
  29 orc warriors
  A black bear (D:7)
  5 sky beasts
  16 ogres
  An eye of draining (Slime:5)
  3 centaurs
  2 wolves (IceCv)
  A crocodile (Lair:2)
  A big kobold (D:8)
  3 bullfrogs
  4 lava snakes (Lair:6)
  A bullfrog zombie (D:7)
  2 quasits (D:8)
  A centaur skeleton (D:8)
  3 orc priests
  Crazy Yiuf (D:5)
  A jelly (D:7)
  2 iguanas (D:8)
  Ijyb (D:5)
  15 orc wizards
  4 worker ants
  2 big kobold zombies (Ossuary)
  A mummy (Ossuary)
  6 adders
  A white imp (Spider:2)
  2 oozes (Sewer)
  A leopard gecko (Sewer)
  37 orcs
  3 giant cockroaches
  A hobgoblin (D:3)
  7 jackals
  A quokka (D:8)
  3 ball pythons (Sewer)
  3 frilled lizards
  A gnoll zombie (Ossuary)
  A hobgoblin zombie (Ossuary)
  4 kobolds
  A rat (D:3)
  A bush (Shoals:2)
  A fungus (Lair:4)
  3 plants
858 creatures vanquished.

Vanquished Creatures (others)
  An ancient lich (Zot:5)
  A tentacled monstrosity (Depths:2)
  2 vault wardens (Vaults:2)
  2 draconian scorchers
  A purple draconian (Zot:2)
  A rakshasa (Depths:2)
  A centaur warrior (D:13)
  A harpy (Shoals:4)
  3 deep troll earth magi
  A wizard (D:11)
  5 ironbrand convokers (Desolation)
  2 wolf spiders
  An orc sorcerer (D:11)
  3 moths of wrath
  A torpor snail (Spider:4)
  11 yaktaurs
  A hornet (Vaults:1)
  3 jumping spiders (Zot:3)
  3 tarantellas
  A human (D:14)
  Edmund (D:4)
  3 orc warriors
  An ice beast (D:11)
  A slave (D:4)
  A boggart (Depths:3)
  40 knights
  A howler monkey (D:13)
  3 ancestors
  A bush (Shoals:2)
  13 fungi
  54 plants
  18 toadstools (D:12)
182 creatures vanquished.

Grand Total: 2734 creatures vanquished

Notes
Turn   | Place    | Note
-------+----------+-------------------------------------------
     0 | D:1      | hyperdstrtn the Centaur Wanderer began the quest for the Orb.
     0 | D:1      | hyperdstrtn set off with: a +2 scale mail, a +0 hand crossbow, 23 bolts, a +0 shortbow, 28 arrows, a ration {!d}
     0 | D:1      | Reached XP level 1. HP: 16/16 MP: 1/1
   432 | D:1      | Reached skill level 3 in Bows
   432 | D:1      | Reached XP level 2. HP: 23/23 MP: 2/2
  1266 | D:1      | Reached XP level 3. HP: 30/30 MP: 3/3
  1691 | D:1      | Reached skill level 4 in Bows
  1691 | D:1      | Reached XP level 4. HP: 21/37 MP: 4/4
  1900 | D:2      | Found a shattered altar of Ashenzari.
  1904 | D:2      | Found a burning altar of Makhleb.
  2349 | D:2      | Found an opulent altar of Gozag.
  2558 | D:2      | Reached skill level 5 in Bows
  2566 | D:2      | Found a hazy altar of Hepliaklqana.
  2639 | D:2      | Became a worshipper of Hepliaklqana the Forgotten
  2970 | D:3      | Reached XP level 5. HP: 40/40 MP: 5/5
  3283 | D:3      | Noticed Tiareth's ghost (amateur TeAE)
  3305 | D:3      | Killed Tiareth's ghost
  3305 | D:3      | Reached skill level 6 in Bows
  3305 | D:3      | Reached XP level 6. HP: 24/46 MP: 6/6
  3724 | D:3      | Found a glowing golden altar of the Shining One.
  3837 | D:4      | Found an iron altar of Okawaru.
  3883 | D:4      | Found a glowing drain.
  3911 | Sewer    | Entered a sewer
  4074 | Sewer    | Reached skill level 7 in Bows
  4522 | Sewer    | Reached XP level 7. HP: 53/54 MP: 7/7
  4561 | Sewer    | Reached skill level 8 in Bows
  4592 | Sewer    | Reached * piety under Hepliaklqana
  5132 | D:4      | Noticed Pikel
  5233 | D:4      | Killed Pikel
  5233 | D:4      | Reached skill level 5 in Fighting
  5233 | D:4      | Reached skill level 10 in Bows
  5233 | D:4      | Reached XP level 8. HP: 62/62 MP: 8/8
  5441 | D:4      | Noticed Edmund
  5695 | D:4      | Killed Edmund
  5961 | D:4      | Found an iron altar of Okawaru.
  6312 | D:5      | Entered Level 5 of the Dungeon
  6559 | D:5      | Noticed Ijyb
  6583 | D:5      | Killed Ijyb
  6643 | D:5      | Noticed Dowan
  6681 | D:5      | Noticed Duvessa
  6686 | D:5      | Killed Dowan
  6791 | D:5      | Killed Duvessa
  6791 | D:5      | Reached skill level 11 in Bows
  6791 | D:5      | Reached skill level 1 in Evocations
  6818 | D:5      | Found a sand-covered staircase.
  6825 | Ossuary  | Entered an ossuary
  7543 | D:5      | Reached skill level 1 in Maces & Flails
  7682 | D:5      | Found a transporter.
  7682 | D:5      | Found a basalt altar of Yredelemnul.
  7690 | D:5      | Noticed Menkaure
  7698 | D:5      | Found an ancient bone altar of Kikubaaqudgha.
  7721 | D:5      | Found a transporter.
  7928 | D:5      | Reached XP level 9. HP: 58/70 MP: 10/10
  8042 | D:5      | Found a runed door.
  8055 | D:5      | Noticed Crazy Yiuf
  8092 | D:5      | Killed Crazy Yiuf
  8783 | D:6      | Reached ** piety under Hepliaklqana
  8784 | D:6      | Remembered your ancestor Haraldur as a knight
  9043 | D:6      | Noticed Prince Ribbit
  9066 | D:6      | Killed Prince Ribbit
  9453 | D:6      | Reached skill level 5 in Maces & Flails
  9505 | D:7      | Got an ebony mace {!w}
  9707 | D:7      | Found a hide-covered altar of Uskayaw.
  9917 | D:7      | Reached XP level 10. HP: 64/77 MP: 13/13
 10094 | D:7      | Found a staircase to the Ecumenical Temple.
 10316 | D:8      | Noticed a two-headed ogre
 10605 | D:8      | Reached skill level 12 in Bows
 10661 | D:8      | Reached *** piety under Hepliaklqana
 10686 | D:8      | Killed a two-headed ogre
 10686 | D:8      | Reached skill level 5 in Evocations
 10792 | D:8      | Noticed a two-headed ogre
 10835 | D:8      | Killed a two-headed ogre
 10918 | D:8      | Noticed a two-headed ogre
 10955 | D:8      | Killed a two-headed ogre
 10955 | D:8      | Reached skill level 1 in Invocations
 11081 | D:8      | Noticed a two-headed ogre
 11103 | D:8      | Killed a two-headed ogre
 11167 | D:8      | Noticed a two-headed ogre
 11177 | D:8      | Killed a two-headed ogre
 11177 | D:8      | Reached XP level 11. HP: 85/85 MP: 14/14
 11624 | D:8      | Reached skill level 13 in Bows
 11715 | D:8      | Noticed a three-headed hydra
 11788 | D:8      | Killed a three-headed hydra
 11971 | D:8      | Found an opulent altar of Gozag.
 12639 | D:9      | Reached **** piety under Hepliaklqana
 12703 | D:10     | Entered Level 10 of the Dungeon
 12703 | D:10     | Found a staircase to the Orcish Mines.
 12902 | D:10     | Found a viscous altar of Jiyva.
 13142 | D:10     | Reached skill level 1 in Dodging
 13403 | D:10     | Reached skill level 5 in Invocations
 13499 | D:10     | Found Libynoge's Gadget Emporium.
 13510 | D:10     | Bought a wand of digging (11) for 450 gold pieces
 13510 | D:10     | Bought a wand of paralysis (21) for 345 gold pieces
 13850 | D:11     | Noticed a wizard
 13850 | D:11     | Noticed an orc sorcerer
 14055 | D:7      | Noticed an orc knight
 14143 | D:7      | Killed an orc knight
 14278 | D:7      | Noticed an orc warlord
 14344 | D:7      | Reached XP level 12. HP: 73/95 MP: 14/16
 15289 | D:7      | Killed an orc warlord
 15289 | D:7      | Reached skill level 10 in Fighting
 15289 | D:7      | Reached skill level 5 in Armour
 15398 | D:7      | Got an ancient lead ring
 15657 | D:11     | Reached skill level 14 in Bows
 15752 | D:11     | Noticed a seven-headed hydra
 15780 | D:11     | Killed a seven-headed hydra
 15970 | D:11     | Found a staircase to the Lair.
 15993 | Lair:1   | Entered Level 1 of the Lair of Beasts
 16042 | Lair:1   | Identified the +5 mace "Giant's Demise" {venom, rC+, !w} (You found it on level 7 of the Dungeon)
 16050 | Lair:1   | Identified the ring "Yneosogug" {rC+ AC+2} (You took it off an orc wizard on level 7 of the Dungeon)
 16192 | Lair:1   | Noticed a seven-headed hydra
 16221 | Lair:1   | Killed a seven-headed hydra
 16349 | Lair:1   | HP: 38/95 [wolf spider (6)]
 16365 | Lair:1   | HP: 34/95 [wolf[Grum] (8)]
 16804 | Lair:1   | Noticed Grum
 16884 | Lair:1   | Killed Grum
 17228 | Lair:1   | Noticed Joseph
 17238 | Lair:1   | Killed Joseph
 17588 | Lair:2   | HP: 37/95 [rime drake (5)]
 17595 | Lair:2   | Found a frozen archway.
 17826 | IceCv    | Entered an ice cave
 17972 | IceCv    | Reached XP level 13. HP: 79/101 MP: 11/18
 18952 | IceCv    | Reached skill level 10 in Maces & Flails
 19050 | IceCv    | Noticed a frost giant
 19338 | IceCv    | Got a smoking hat
 19350 | IceCv    | Identified the +1 hat "Zan Arigh" {+Inv} (You found it in an ice cave)
 19363 | IceCv    | Got an ivory great mace {!w}
 19374 | IceCv    | Got a transparent hat
 19391 | IceCv    | Identified the +2 hat of the Pits of Slime {Int+5} (You found it in an ice cave)
 19606 | IceCv    | Killed a frost giant
 20641 | D:5      | Killed Menkaure
 21644 | Lair:3   | Found a hole to the Spider Nest.
 21928 | Lair:4   | Noticed an entropy weaver
 22173 | Lair:4   | Found a staircase to the Shoals.
 22353 | Lair:4   | Killed an entropy weaver
 22806 | Lair:4   | Reached skill level 5 in Crossbows
 23064 | Lair:5   | Found a staircase to the Slime Pits.
 23064 | Lair:5   | Found a viscous altar of Jiyva.
 23382 | Lair:5   | Identified the +6 great mace of Kakearchued {freeze, +Blink rPois Str+3 Int-2, !w} (You found it in an ice cave)
 23627 | Lair:6   | Entered Level 6 of the Lair of Beasts
 23719 | Lair:6   | Got a heavily runed ring mail
 23731 | Lair:6   | Identified the +2 ring mail of Piher {Slay+5} (You found it on level 6 of the Lair of Beasts)
 23811 | Lair:6   | Reached ***** piety under Hepliaklqana
 24163 | Lair:6   | Noticed Snorg
 24173 | Lair:6   | Killed Snorg
 24173 | Lair:6   | Reached XP level 14. HP: 108/108 MP: 20/20
 25047 | Lair:6   | Got a smoking trident {!w}
 26083 | Lair:6   | Found a large runed door.
 26083 | Lair:6   | Found a large runed door.
 26779 | D:11     | Noticed Harold
 26811 | D:11     | Killed Harold
 27367 | D:12     | Noticed Sonja
 27369 | D:12     | Killed Sonja
 27589 | D:12     | Reached skill level 10 in Evocations
 28344 | D:12     | Found a blossoming altar of Fedhas.
 29555 | D:13     | Found a gate to the Vaults.
 29878 | D:13     | Reached XP level 15. HP: 102/117 MP: 22/22
 30477 | Orc:1    | Entered Level 1 of the Orcish Mines
 30507 | Orc:1    | Noticed p0werm0de's ghost (journeyman DDFi)
 31062 | Orc:1    | Killed p0werm0de's ghost
 31427 | Orc:2    | Entered Level 2 of the Orcish Mines
 31427 | Orc:2    | Found a staircase to the Elven Halls.
 31511 | Orc:2    | Found Ufukloschu's Gadget Shop.
 31605 | Orc:2    | Found a roughly hewn altar of Beogh.
 31668 | Orc:2    | Found a roughly hewn altar of Beogh.
 32187 | Orc:2    | Found a roughly hewn altar of Beogh.
 32228 | Orc:2    | Found a roughly hewn altar of Beogh.
 32243 | Orc:2    | Reached skill level 10 in Crossbows
 32247 | Orc:2    | Found Roufots's Distillery.
 32264 | Orc:2    | Bought a potion of degeneration for 15 gold pieces
 32408 | Orc:2    | Found a roughly hewn altar of Beogh.
 32450 | Orc:2    | Found Opuysiaf's Armour Shoppe.
 32480 | Orc:2    | Found a roughly hewn altar of Beogh.
 32647 | Orc:2    | Noticed an orc warlord
 32797 | Orc:2    | Killed an orc warlord
 33049 | Orc:2    | Found Tyobuaf's Antique Armour Emporium.
 33051 | Orc:2    | Found a roughly hewn altar of Beogh.
 33054 | Orc:2    | Found Vahoisadgh's Antique Weapon Shoppe.
 33091 | Orc:2    | Bought a distressingly furry hat for 225 gold pieces
 33091 | Orc:2    | Bought a pair of embroidered gloves for 187 gold pieces
 33142 | Orc:2    | Identified the cursed +0 hat of Space {rF+} (You bought it in a shop on level 2 of the Orcish Mines)
 33222 | Orc:2    | Bought a potion of resistance for 150 gold pieces
 33222 | Orc:2    | Bought a potion of might for 60 gold pieces
 33222 | Orc:2    | Bought a potion of might for 60 gold pieces
 33278 | Orc:2    | Bought a wand of paralysis (18) for 340 gold pieces
 33278 | Orc:2    | Bought a wand of iceblast (6) for 170 gold pieces
 33673 | D:14     | Noticed Kirke
 33691 | D:14     | Killed Kirke
 33770 | D:14     | Noticed Azrael
 33788 | D:14     | Killed Azrael
 33950 | D:14     | Found a sacrificial altar of Ru.
 34107 | D:14     | Found Oquoj's Assorted Antiques.
 34126 | D:14     | Bought a scroll of identify for 56 gold pieces
 34126 | D:14     | Bought a scroll of identify for 56 gold pieces
 34126 | D:14     | Bought a scroll of identify for 56 gold pieces
 34127 | D:14     | Identified a scroll of acquirement
 34627 | D:14     | Noticed Roxanne
 34795 | D:15     | Entered Level 15 of the Dungeon
 35213 | D:15     | Found a shattered altar of Ashenzari.
 35652 | D:15     | Found a staircase to the Depths.
 36336 | Shoals:1 | Entered Level 1 of the Shoals
 36364 | Lair:4   | Reached skill level 15 in Bows
 36565 | Lair:4   | HP: 44/119 [merfolk/halberd (9)]
 36577 | Lair:4   | Reached XP level 16. HP: 53/125 MP: 24/24
 37932 | Shoals:1 | Reached ****** piety under Hepliaklqana
 38064 | Shoals:1 | HP: 37/127 [merfolk impaler/trident of venom (17)]
 38069 | Shoals:1 | HP: 34/127 [poisoned by a merfolk impaler]
 38074 | Shoals:1 | HP: 31/127 [poisoned by a merfolk impaler]
 38079 | Shoals:1 | HP: 30/127 [poisoned by a merfolk impaler]
 38084 | Shoals:1 | HP: 30/127 [poisoned by a merfolk impaler]
 38091 | Shoals:1 | HP: 32/127 [poisoned by a merfolk impaler]
 38098 | Shoals:1 | HP: 35/127 [poisoned by a merfolk impaler]
 38106 | Shoals:1 | HP: 39/127 [poisoned by a merfolk impaler]
 38820 | Shoals:2 | Noticed Polyphemus
 39853 | Shoals:2 | Reached skill level 16 in Bows
 40183 | Shoals:2 | Reached skill level 10 in Invocations
 40300 | Shoals:2 | Killed Polyphemus
 40619 | Shoals:3 | HP: 45/128 [merfolk javelineer/javelin of penetration (14)]
 40629 | Shoals:3 | HP: 44/129 [manticore/volley of spikes (11)]
 41184 | Shoals:3 | Reached skill level 17 in Bows
 41599 | Shoals:4 | Entered Level 4 of the Shoals
 41604 | Shoals:4 | Noticed Ilsuiw
 41623 | Shoals:4 | Killed Ilsuiw
 41828 | Shoals:3 | HP: 50/131 [poisoned by a merfolk javelineer]
 41833 | Shoals:3 | HP: 41/131 [poisoned by a merfolk javelineer]
 41838 | Shoals:3 | HP: 35/131 [poisoned by a merfolk javelineer]
 41843 | Shoals:3 | HP: 32/131 [poisoned by a merfolk javelineer]
 41849 | Shoals:3 | HP: 31/131 [poisoned by a merfolk javelineer]
 41855 | Shoals:3 | HP: 32/131 [poisoned by a merfolk javelineer]
 41860 | Shoals:3 | HP: 33/131 [poisoned by a merfolk javelineer]
 41867 | Shoals:3 | HP: 36/131 [poisoned by a merfolk javelineer]
 41875 | Shoals:3 | HP: 40/131 [poisoned by a merfolk javelineer]
 42081 | Shoals:4 | Reached XP level 17. HP: 136/136 MP: 26/26
 42347 | Shoals:4 | Reached skill level 18 in Bows
 43333 | Shoals:4 | Got a barnacled rune of Zot
 43707 | Shoals:4 | Reached skill level 19 in Bows
 43851 | Shoals:4 | Got a clouded marble ring
 43853 | Shoals:4 | Identified the ring "Istump" {rCorr rPois Dex-3 Stlth+} (You took it off a merfolk on level 4 of the Shoals)
 44195 | Shoals:4 | Identified the Grimoire of the Cloudy Compass
 44201 | Shoals:4 | Found Juahu's Antique Armour Emporium.
 44709 | Spider:1 | Entered Level 1 of the Spider Nest
 46881 | Lair:3   | Reached skill level 15 in Fighting
 48349 | Spider:2 | Reached skill level 20 in Bows
 48821 | Spider:2 | Reached skill level 5 in Dodging
 49071 | Spider:2 | Reached XP level 18. HP: 146/146 MP: 24/27
 49664 | D:10     | Bought a wand of clouds (4) for 360 gold pieces
 49664 | D:10     | Bought a wand of iceblast (11) for 225 gold pieces
 50739 | Spider:4 | Entered Level 4 of the Spider Nest
 51201 | Spider:4 | Reached skill level 10 in Armour
 53584 | Spider:4 | Got a gossamer rune of Zot
 53885 | Vaults:1 | Entered Level 1 of the Vaults
 54056 | Vaults:1 | Found a ruined gateway.
 54103 | Desolati | Entered the Desolation of Salt
 54871 | Desolati | Reached XP level 19. HP: 121/156 MP: 20/28
 55221 | Desolati | HP: 53/156 [peacekeeper (20)]
 55633 | Desolati | Identified the Grimoire of Boosts and Attacks
 55828 | Desolati | Got a bloodstained mace {crush, !w}
 55828 | Desolati | Got a crude wooden ring
 55839 | Desolati | Identified the ring "Bairynwo" {rCorr *Drain rPois rN+} (You took it off a servant of whispers in the Desolation of Salt)
 56094 | Desolati | Found the +9 sword of Zonguldrok {reap}
 56142 | Desolati | Got a steaming robe
 56145 | Desolati | Identified the Disquisition on Talismans and Damage Dealing
 57088 | Desolati | Got a smoking marble ring
 57089 | Desolati | Identified Zusiogav's Almanac of the Aerial Compass
 57097 | Desolati | Got a heavily runed leather armour
 57239 | Vaults:1 | Identified the ring of Olycuim {rCorr Str-2 Int+2 SInv} (You found it in the Desolation of Salt)
 57256 | Vaults:1 | Identified the +6 leather armour of Divine Compulsion {Int+5} (You found it in the Desolation of Salt)
 57297 | Vaults:1 | Identified the +9 mace of Coxiek {crush, Stlth+, !w} (You took it off a servant of whispers in the Desolation of Salt)
 57488 | Vaults:1 | Got a bloodstained ring mail
 57500 | Vaults:1 | Identified the +4 ring mail of Entitlement {MR+ SInv Stlth+} (You found it on level 1 of the Vaults)
 59324 | Vaults:1 | Found an iron altar of Okawaru.
 60273 | Vaults:2 | Found a staircase to the Crypt.
 60838 | Vaults:2 | Reached XP level 20. HP: 168/168 MP: 29/29
 61510 | Vaults:2 | Got an ichor-stained arbalest
 61534 | Vaults:2 | Identified the +5 arbalest "Hellblazer" {elec, rC+} (You found it on level 2 of the Vaults)
 62080 | Vaults:2 | Found an iron altar of Okawaru.
 62415 | Vaults:3 | Got a scorched leather armour
 62441 | Vaults:3 | Identified the cursed +0 leather armour of Undesirable Species {Regen+ Int+4} (You found it on level 3 of the Vaults)
 63443 | Vaults:3 | Noticed Boris
 63544 | Vaults:3 | Killed Boris
 63671 | Vaults:3 | Found a portal to a secret trove of treasure.
 64235 | Vaults:3 | Reached XP level 21. HP: 167/179 MP: 30/30
 64597 | Vaults:3 | Got a warped ivory ring
 64602 | Vaults:3 | Identified the ring "Kutishri" {+Fly rElec Str-2 Int+2} (You found it on level 3 of the Vaults)
 64707 | Vaults:3 | Learned a level 1 spell: Summon Small Mammal
 66507 | Vaults:4 | Found Kautsit's Antique Weapon Shoppe.
 66623 | Vaults:4 | Learned a level 5 spell: Lee's Rapid Deconstruction
 66952 | D:14     | Killed Roxanne
 66962 | D:14     | Identified Roxanne's Handbook of the Rocks (You took it off Roxanne on level 14 of the Dungeon)
 67025 | Depths:1 | Entered Level 1 of the Depths
 67036 | Depths:1 | Reached skill level 1 in Earth Magic
 67046 | Depths:1 | Reached skill level 1 in Spellcasting
 67608 | Depths:1 | Found a gateway to a ziggurat.
 68076 | Depths:1 | Identified the +5 plate armour of Brilliance {rPois rCorr} (You found it on level 1 of the Depths)
 68155 | Depths:1 | Found a gateway to Hell.
 69293 | Depths:2 | Noticed Aizul
 69303 | Depths:2 | Killed Aizul
 69516 | Depths:2 | Learned a level 2 spell: Passwall
 69547 | Depths:2 | HP: 67/182 [suicidal targeting (21)]
 69548 | Depths:2 | Reached skill level 5 in Earth Magic
 69552 | Depths:2 | HP: 40/182 [poisoned by a tengu reaver (bolt of poison)]
 69743 | Depths:2 | Reached XP level 22. HP: 189/189 MP: 31/31
 70327 | Depths:2 | Noticed a juggernaut
 70380 | Depths:2 | Killed a juggernaut
 71532 | Depths:3 | Noticed Saint Roka
 71665 | Depths:3 | Killed Saint Roka
 72034 | Depths:3 | Identified the cursed ring "Giukemi" {Str-6 Dex+6} (You found it on level 3 of the Depths)
 72294 | Depths:3 | Noticed a caustic shrike
 72806 | Depths:3 | Killed a caustic shrike
 72812 | Depths:3 | Found a one-way gate leading to the halls of Pandemonium.
 73306 | Depths:3 | Got a scintillating glass ring
 73308 | Depths:3 | Identified the ring "Zaledu" {Wiz MR+ Str+2} (You found it on level 3 of the Depths)
 73602 | Depths:3 | HP: 53/194 [lich/crystal spear (64)]
 73904 | Depths:3 | Noticed Sojobo
 74215 | Depths:3 | Got a scintillating ivory ring
 74225 | Depths:3 | Identified the ring "Katess" {Wiz Stlth+} (You took it off a frost giant on level 3 of the Depths)
 74694 | Depths:3 | Killed Sojobo
 74753 | Depths:3 | Found an ancient bone altar of Kikubaaqudgha.
 74839 | Depths:4 | Found a gateway to a bazaar.
 74878 | Depths:4 | Noticed a golden dragon
 74884 | Bazaar   | Entered a bazaar
 74886 | Bazaar   | Found Rarakk's Antique Armour Boutique.
 74891 | Bazaar   | Found Yti Bal's Weapon Boutique.
 74891 | Bazaar   | Found Bidecvue's Book Boutique.
 74891 | Bazaar   | Found Yhona's Book Boutique.
 74919 | Bazaar   | Bought a book of Necromancy for 300 gold pieces
 74926 | Bazaar   | Learned a level 2 spell: Blink
 74928 | Bazaar   | Learned a level 1 spell: Animate Skeleton
 74933 | Bazaar   | Learned a level 4 spell: Animate Dead
 75505 | Depths:4 | Reached XP level 23. HP: 192/202 MP: 28/32
 76415 | Depths:4 | Found a one-way gate to the infinite horrors of the Abyss.
 77197 | Depths:4 | Noticed a juggernaut
 77237 | Depths:4 | Killed a juggernaut
 77428 | Depths:4 | Got a jewelled quarterstaff {!w}
 77805 | Depths:5 | Entered Level 5 of the Depths
 77952 | Depths:5 | Reached skill level 15 in Evocations
 78656 | Depths:5 | Reached skill level 10 in Earth Magic
 79664 | Depths:5 | Found a radiant altar of Vehumet.
 79846 | Depths:5 | Reached XP level 24. HP: 147/209 MP: 34/34
 80986 | Depths:5 | Found a gate to the Realm of Zot.
 81742 | D:14     | Bought a potion of haste for 280 gold pieces
 81742 | D:14     | Bought a scroll of blinking for 210 gold pieces
 81742 | D:14     | Bought a scroll of enchant armour for 210 gold pieces
 82023 | Slime:1  | Entered Level 1 of the Pits of Slime
 82771 | Slime:3  | Found a viscous altar of Jiyva.
 83442 | Slime:5  | Entered Level 5 of the Pits of Slime
 84424 | Slime:5  | Noticed the Royal Jelly
 84681 | Slime:5  | Found a viscous altar of Jiyva.
 84751 | Slime:5  | Found the +10 zealot's sword {holy, *Rage rN+ EV+3}
 84839 | Slime:5  | Found the ring of Robustness {AC+8}
 84884 | Slime:5  | Killed the Royal Jelly
 85011 | Slime:5  | Got a slimy rune of Zot
 85013 | Slime:5  | Got a faintly glowing short sword {!w}
 85029 | Slime:5  | Identified the +10 morningstar of Invincibility {antimagic, rPois rC+, !w} (You found it on level 5 of the Pits of Slime)
 86012 | Orc:2    | Bought a wand of acid (6) for 340 gold pieces
 86012 | Orc:2    | Bought a wand of digging (14) for 612 gold pieces
 88390 | Zot:1    | Entered Level 1 of the Realm of Zot
 88423 | Zot:1    | Reached skill level 1 in Transmutations
 88821 | Depths:5 | HP: 68/212 [purple draconian/bolt of dispelling energy (32)]
 88832 | Depths:5 | HP: 72/213 [purple draconian/bolt of dispelling energy (18)]
 89228 | Depths:5 | Got a fine mace {!w}
 89236 | Depths:5 | Identified the +2 mace of Disarray {freeze, rElec rF+, !w} (You found it on level 5 of the Depths)
 89282 | Depths:5 | Got a wizard robe
 89289 | Depths:5 | Found a radiant altar of Vehumet.
 89295 | Depths:5 | Got a heavy robe
 90429 | Zot:1    | Reached XP level 25. HP: 220/220 MP: 34/34
 91135 | Zot:1    | Reached skill level 5 in Transmutations
 92732 | Zot:2    | Reached skill level 15 in Armour
 93273 | Zot:2    | Noticed an orb of fire
 93278 | Zot:2    | Gained mutation: You occasionally shout uncontrollably at your foes. [an orb of fire]
 93471 | Zot:2    | Gained mutation: You sometimes yell uncontrollably at your foes. [an orb of fire]
 93476 | Zot:2    | Gained mutation: Potions are less effective at restoring your health. [an orb of fire]
 93478 | Zot:2    | Killed an orb of fire
 93720 | Zot:2    | Paralysed by you for 6 turns
 94341 | Zot:2    | Reached skill level 21 in Bows
 94719 | Zot:2    | HP: 81/220 [deathcap/drain life[a curse toe] (14)]
 94724 | Zot:2    | HP: 76/328 [poisoned by a curse toe (dark miasma)]
 94730 | Zot:2    | HP: 77/328 [poisoned by a curse toe (dark miasma)]
 94736 | Zot:2    | HP: 79/328 [poisoned by a curse toe (dark miasma)]
 94742 | Zot:2    | HP: 83/328 [poisoned by a curse toe (dark miasma)]
 94749 | Zot:2    | HP: 88/328 [poisoned by a curse toe (dark miasma)]
 94757 | Zot:2    | HP: 63/219 [poisoned by a curse toe (dark miasma)]
 95249 | Zot:2    | Paralysed by you for 2 turns
 95285 | Zot:2    | Paralysed by you for 4 turns
 96355 | Zot:3    | Reached XP level 26. HP: 228/228 MP: 34/34
 96486 | Zot:3    | Reached skill level 22 in Bows
 97362 | Zot:3    | Identified the ring of Conversion {Wiz rPois rF+} (You found it on level 3 of the Realm of Zot)
 97368 | Zot:3    | Identified the +2 plate armour "Gawacost" {rN+ Int+5} (You found it on level 3 of the Realm of Zot)
 98285 | Zot:4    | Reached skill level 10 in Dodging
 98745 | Zot:4    | Reached skill level 23 in Bows
 99482 | Zot:4    | Reached skill level 24 in Bows
 99825 | Zot:5    | Entered Level 5 of the Realm of Zot
100746 | Zot:5    | Noticed an ancient lich
100757 | Zot:5    | Killed an ancient lich
100823 | Zot:5    | Noticed an ancient lich
100838 | Zot:5    | Killed an ancient lich
101014 | Zot:5    | Noticed an ancient lich
101028 | Zot:5    | Killed an ancient lich
101077 | Zot:5    | Reached skill level 25 in Bows
101098 | Zot:5    | Noticed an ancient lich
101118 | Zot:5    | Killed an ancient lich
101158 | Zot:5    | Reached XP level 27. HP: 221/234 MP: 35/35
101188 | Zot:5    | Noticed an ancient lich
101206 | Zot:5    | Killed an ancient lich
101468 | Zot:5    | Noticed an orb of fire
101485 | Zot:5    | Gained mutation: Your magical capacity is low. (-10% MP) [an orb of fire]
101494 | Zot:5    | Killed an orb of fire
101927 | Zot:5    | Noticed an orb of fire
101964 | Zot:5    | Gained mutation: Your magical capacity is very low. (-20% MP) [an orb of fire]
101967 | Zot:5    | Gained mutation: You are weak. (Str -2) [an orb of fire]
101970 | Zot:5    | Killed an orb of fire
102512 | Zot:5    | Noticed an ancient lich
102520 | Zot:5    | Killed an ancient lich
102625 | Zot:5    | Noticed an orb of fire
102643 | Zot:5    | Killed an orb of fire
103543 | Zot:5    | Got the Orb of Zot
103658 | Depths:3 | Noticed Amukirph the pandemonium lord
104108 | D:$      | Escaped with the Orb!

Vault maps used:
D:1:      lemuel_arrival_rhombus, feat_on_display
D:2:      minitemple, lemuel_round_altar, grunt_gozag_breadcrumbs
D:3:      nicolae_tso_carved_into_rock
D:4:      portal_sewer_entry_f, first_ration, serial_park_tiny_pond,
          okawaru_gym_becter, uniq_pikel, uniq_edmund
D:5:      gammafunk_temple_of_torment, enter_ossuary_4,
          minmay_misc_feat_encased, uniq_ijyb, uniq_crazy_yiuf_cottage,
          uniq_duvessa
D:6:      uniq_prince_ribbit1
D:7:      lemuel_castle_with_subvaults, temple_fountains, basic_altar
D:8:      cheibrodos_ideogram_h, nicolae_overflow_crystal_walls, hangedman_ranch
D:10:     orc_0_dummy, serial_shops, shop, jiyva_altar_1
D:11:     cheibrodos_wizards_tower, lair_entry_dummy, lemuel_nasty_fountain,
          uniq_harold
D:12:     tgw_fedhas, uniq_sonja
D:13:     minmay_swirls_squares, david_vaults_4, grunt_decor_arrowhead
D:14:     nicolae_ru_path_of_blood, serial_shops, shop,
          hangedman_abyss_or_decor_passed, uniq_roxanne, uniq_azrael, uniq_kirke
D:15:     hangedman_depths_entry_try_elsewhere_first, evilmike_ruin_ashenzari,
          serial_bayou_pond_d
Lair:1:   minmay_lair_venomous_thicket, serial_bayou_shore_b,
          grunt_megastairs_1, uniq_joseph, uniq_grum
Lair:2:   portal_ice_cave_rime, infiniplex_staircase_pool_2, grunt_megastairs_5,
          serial_bayou_shore_b, lemuel_fruit_tree
Lair:3:   spider_nest_entry_a, grunt_megastairs_4
Lair:4:   shoals_dummy_entry, minmay_another_anthill, serial_bayou_shore_b
Lair:5:   slime_altar_1
Lair:6:   cheibrodos_lair_end_hotspot, serial_bayou_shore_a, uniq_snorg
Shoals:2: yaktaur_hedge, uniq_polyphemus
Shoals:3: cheibrodos_shoals_epimethial_gifts
Shoals:4: shoals_end_grunt_garden, shoals_ilsuiw_alternative, serial_shops,
          nicolae_shop_behind_doors
Spider:1: nicolae_spider_corner, spiders_nest_hornet_nest
Spider:2: nicolae_spider_webs_and_nodes, spider_trap, nicolae_crawler_farm
Spider:4: grunt_spider_rune_circles, spider_trap
Slime:1:  nicolae_slime_phagocytosis
Slime:3:  basic_altar
Orc:1:    nicolae_orc_lava_room
Orc:2:    grunt_orc_community_town_hall, grunt_orc_community_big_house_1,
          grunt_orc_community_big_house_2, grunt_orc_community_house_3,
          grunt_orc_community_house_3, grunt_orc_community_house_3,
          grunt_orc_community_house_3, grunt_orc_community_house_2,
          grunt_orc_community_house_3, serial_shops, shop_statue
Vaults:1: v_alt_pattern_3, nicolae_vaults_windows_and_doors_thing,
          nicolae_vaults_network_barrier, grunt_vaults_funnel,
          nicolae_vaults_angled_halls, v_alt_pattern_2, v_misc_15, v_misc_11,
          v_misc_19, vaults_mumra_hexcomb, ontoclasm_vaults_idyll,
          grunt_vaults_hallway_long, basic_altar, portal_desolation_entry_ruin
Vaults:2: vaults_dpeg_spiral, vaults_room_fours, v_pattern_3, v_misc_22,
          hangedman_vaults_slice, vaults_mumra_lcd, vaults_standard_mumra_lines,
          grunt_vaults_twisty, v_misc_19, ontoclasm_vaults_idyll,
          ontoclasm_vaults_hangar, nicolae_vaults_yaktaur_gun_rack,
          vaults_dpeg_hooks, minmay_crypt_entry_simple_statues,
          vaults_dpeg_ring, basic_altar
Vaults:3: nicolae_vaults_inception_scallops, vaults_standard_mumra_x,
          nicolae_vaults_sealed_display, nicolae_vaults_network_periphery,
          ontoclasm_vaults_ring_square, v_rooms_1, hangedman_vaults_stream,
          ontoclasm_vaults_gateway, hangedman_vaults_pinch,
          vaults_room_guarded_vault, enter_trove_5, uniq_boris
Vaults:4: nicolae_vaults_theta, v_misc_2, v_misc_14, v_misc_5,
          nicolae_vaults_network_s, v_misc_9, ontoclasm_vaults_chip,
          serial_shops, nicolae_shop_crystal
Depths:1: enter_ziggurat_f, grunt_mini_vestibule, kennysheep_generic_room_13,
          kennysheep_random_hallway
Depths:2: minmay_textured_paths, hangedman_abyss_or_decor_stabs, hell_entry,
          serial_bayou_pond_e, lightli_fourway_metalbox, uniq_aizul
Depths:3: hangedman_spin_cycle, serial_shops, hell_entry, pan_entry
Depths:4: minmay_heptahexagon, serial_shops, bzr_entry_water,
          abyss_entry_small_statue_room, serial_sigils_hangedman_shear,
          pan_entry, hell_entry
Depths:5: grunt_zot_entry_hairpin, hell_entry, grunt_tower_of_power,
          basic_stair_grate_trap, roderic_lattice_octagonal_star
Zot:1:    st_large_dragon_hoard_1
Zot:2:    gammafunk_mikee_crab_dinner, hangedman_zot_diagonal_lockstep,
          st_stairs_8, grunt_ministairs_1, guppyfry_library_mini
Zot:3:    hangedman_zot_decor_scrapings, hangedman_spider_trapstep
Zot:4:    grunt_ministairs_9
Bazaar:   bazaar_minmay_cross
Sewer:    sewer_frog_island_02
Ossuary:  ossuary_tomb_3
IceCv:    ice_cave_small_giant

Skill      XL: |  1  2  3  4  5  6  7  8  9 10 11 12 13 14 15 16 17 18 19 20 21 22 23 24 25 26 27 |
---------------+----------------------------------------------------------------------------------+-----
Crossbows      | 2 6 9 10 12 | 12.3
Bows           | 3 4 5 6 7 10 11 12 13 14 15 17 20 21 25 | 25.0
Fighting       | 2 3 4 5 6 7 8 9 10 11 12 14 15 16 18 19 20 22 23 24 | 24.0
Evocations     | 2 4 5 7 9 10 11 12 15 16 19 | 19.4
Maces & Flails | 2 5 8 9 10 | 10.0
Invocations    | 2 5 6 9 10 12 | 12.0
Armour         | 4 6 8 9 10 12 13 14 16 | 16.0
Dodging        | 1 2 3 4 5 7 8 10 | 10.0
Earth Magic    | 5 8 11 12 | 12.2
Spellcasting   | 3 4 |  4.0
Transmutations | 3 6 |  6.0
Throwing       | |  1.1
Stealth        | |  1.0

Action                   |  1- 3 |  4- 6 |  7- 9 | 10-12 | 13-15 | 16-18 | 19-21 | 22-24 | 25-27 || total
-------------------------+-------+-------+-------+-------+-------+-------+-------+-------+-------++-------
Melee: Whip              |       |     4 |    92 |   311 |   984 |   536 |   178 |       |       ||  2105
       Kick              |       |    18 |    41 |    81 |   310 |   188 |   141 |    48 |     8 ||   835
       Dagger            |       |    71 |    26 |       |       |       |       |       |       ||    97
       Dire flail        |       |       |    36 |    60 |       |       |       |       |       ||    96
       Mace              |       |       |       |       |       |       |   148 |     4 |       ||   152
       Sacred scourge    |       |       |       |       |       |       |       |   121 |    17 ||   138
       Longbow           |       |       |       |       |       |       |       |       |     1 ||     1
 Fire: Hand crossbow     |    62 |    48 |    96 |    77 |   784 |   337 |   135 |       |       ||  1539
       Shortbow          |    13 |   128 |   139 |   534 |   273 |       |       |       |       ||  1087
       Arbalest          |       |       |       |       |    34 |       |   284 |    57 |       ||   375
       Longbow           |       |       |       |       |    19 |  1369 |   934 |  1552 |  1352 ||  5226
Throw: Stone             |       |       |    15 |     4 |       |       |       |       |       ||    19
       Throwing net      |       |       |       |       |       |       |       |     3 |       ||     3
 Cast: Summon Small Mamm |       |       |       |       |       |       |     1 |       |       ||     1
       Lee's Rapid Decon |       |       |       |       |       |       |       |    73 |    12 ||    85
       Passwall          |       |       |       |       |       |       |       |       |    14 ||    14
Invok: Recall Ancestor   |       |     5 |    26 |    43 |    86 |    56 |    61 |    68 |    37 ||   382
       Ancestor Identity |       |     1 |     2 |       |       |       |       |       |       ||     3
       Ancestor Life: Kn |       |       |     1 |       |       |       |       |       |       ||     1
       Transference      |       |       |       |     4 |     2 |     8 |     6 |     9 |     8 ||    37
       Idealise          |       |       |       |     3 |     5 |     5 |     2 |     2 |     2 ||    19
 Abil: Evoke Invisibilit |       |       |       |       |    20 |    63 |    43 |    54 |    48 ||   228
Evoke: Wand              |       |       |     5 |    20 |    16 |   110 |    33 |    35 |    22 ||   241
       Lamp of fire      |       |       |       |       |     1 |     2 |     5 |     8 |     4 ||    20
       Phial of floods   |       |       |       |       |     1 |     2 |     5 |     7 |     2 ||    17
       Sack of spiders   |       |       |       |       |     1 |       |     2 |     2 |     1 ||     6
       Lightning rod     |       |       |       |       |       |     4 |    11 |       |       ||    15
       Phantom mirror    |       |       |       |       |       |     1 |       |       |       ||     1
       Fan of gales      |       |       |       |       |       |     1 |     1 |     2 |     1 ||     5
  Use: Scroll            |       |     7 |     3 |     6 |    26 |    11 |     6 |    21 |    14 ||    94
       Potion            |       |       |     1 |     1 |       |     7 |     3 |     8 |    18 ||    38
 Stab: Distracted        |       |       |     2 |     2 |     6 |     3 |     3 |       |       ||    16
       Invisible         |       |       |       |       |    25 |    17 |    12 |     5 |       ||    59
       Petrified         |       |       |       |       |       |    12 |       |       |       ||    12
       Paralysed         |       |       |       |       |       |     4 |       |    10 |       ||    14
  Eat: Chunk             |     1 |     7 |    11 |    21 |    33 |    26 |    48 |    24 |    13 ||   184
       Ration            |       |       |     1 |       |     7 |    14 |     2 |    23 |    16 ||    63
Armor: Scale mail        |    18 |    60 |   121 |   151 |       |       |       |       |       ||   350
       Plate armour      |       |       |       |   101 |   735 |  1367 |   593 |   416 |   282 ||  3494
       Skin              |       |       |       |       |       |       |       |       |    56 ||    56
Dodge: Dodged            |    11 |    28 |    38 |   111 |   204 |   247 |   150 |   135 |   128 ||  1052

Table legend:
 A = Spawn XP
 B = Non-spawn XP
 C = Spawn XP percentage of total XP
 D = Spawn monster count
 E = Non-spawn monster count
 F = Spawn count percentage of total count
 G = Total turns spent on level
                    A         B        C        D         E        F      G
               +---------+---------+-------+---------+---------+-------+---------
         Total |       0 | 1649046 |   0.0 |       0 |    2552 |   0.0 | 104108
               +---------+---------+-------+---------+---------+-------+---------
           D:1 |       0 |     129 |   0.0 |       0 |      19 |   0.0 |  1833
           D:2 |       0 |      65 |   0.0 |       0 |      17 |   0.0 |  1167
           D:3 |       0 |     227 |   0.0 |       0 |      21 |   0.0 |   890
           D:4 |       0 |     822 |   0.0 |       0 |      22 |   0.0 |  1737
           D:5 |       0 |    1238 |   0.0 |       0 |      31 |   0.0 |  1547
           D:6 |       0 |    1628 |   0.0 |       0 |      23 |   0.0 |  1316
           D:7 |       0 |    8324 |   0.0 |       0 |      73 |   0.0 |  2819
           D:8 |       0 |    8534 |   0.0 |       0 |      57 |   0.0 |  1606
           D:9 |       0 |     856 |   0.0 |       0 |      14 |   0.0 |   790
          D:10 |       0 |    4207 |   0.0 |       0 |      24 |   0.0 |  1280
          D:11 |       0 |    5772 |   0.0 |       0 |      25 |   0.0 |  2014
          D:12 |       0 |    7171 |   0.0 |       0 |      27 |   0.0 |  1550
          D:13 |       0 |   14293 |   0.0 |       0 |      33 |   0.0 |  2862
          D:14 |       0 |   20853 |   0.0 |       0 |      51 |   0.0 |  1496
          D:15 |       0 |   12421 |   0.0 |       0 |      30 |   0.0 |  2398
        Lair:1 |       0 |    5631 |   0.0 |       0 |      31 |   0.0 |  1372
        Lair:2 |       0 |    3229 |   0.0 |       0 |      13 |   0.0 |  1324
        Lair:3 |       0 |   13754 |   0.0 |       0 |      37 |   0.0 |  3206
        Lair:4 |       0 |   12566 |   0.0 |       0 |      63 |   0.0 |  1849
        Lair:5 |       0 |    2168 |   0.0 |       0 |       9 |   0.0 |   840
        Lair:6 |       0 |   20425 |   0.0 |       0 |      57 |   0.0 |  2854
      Shoals:1 |       0 |   11596 |   0.0 |       0 |      24 |   0.0 |  1708
      Shoals:2 |       0 |   20189 |   0.0 |       0 |      34 |   0.0 |  1397
      Shoals:3 |       0 |   20089 |   0.0 |       0 |      31 |   0.0 |  2210
      Shoals:4 |       0 |   43984 |   0.0 |       0 |      78 |   0.0 |  1905
      Spider:1 |       0 |   19403 |   0.0 |       0 |      54 |   0.0 |  1579
      Spider:2 |       0 |   16587 |   0.0 |       0 |      43 |   0.0 |  1744
      Spider:3 |       0 |   13466 |   0.0 |       0 |      24 |   0.0 |  1630
      Spider:4 |       0 |   40693 |   0.0 |       0 |      88 |   0.0 |  1926
       Slime:1 |       0 |   15197 |   0.0 |       0 |      26 |   0.0 |   548
       Slime:2 |       0 |    1070 |   0.0 |       0 |       4 |   0.0 |   233
       Slime:3 |       0 |    7393 |   0.0 |       0 |      19 |   0.0 |   227
       Slime:4 |       0 |   20601 |   0.0 |       0 |      31 |   0.0 |  1067
       Slime:5 |       0 |   49831 |   0.0 |       0 |      59 |   0.0 |  1154
         Orc:1 |       0 |    5616 |   0.0 |       0 |      36 |   0.0 |  1152
         Orc:2 |       0 |    9390 |   0.0 |       0 |     102 |   0.0 |  1835
      Vaults:1 |       0 |   49474 |   0.0 |       0 |      98 |   0.0 |  2948
      Vaults:2 |       0 |   74553 |   0.0 |       0 |     105 |   0.0 |  2673
      Vaults:3 |       0 |   70725 |   0.0 |       0 |      99 |   0.0 |  2964
      Vaults:4 |       0 |   33500 |   0.0 |       0 |      57 |   0.0 |  1700
      Depths:1 |       0 |   49458 |   0.0 |       0 |      72 |   0.0 |  1471
      Depths:2 |       0 |   62991 |   0.0 |       0 |      51 |   0.0 |  3005
      Depths:3 |       0 |   87351 |   0.0 |       0 |     102 |   0.0 |  3773
      Depths:4 |       0 |   94753 |   0.0 |       0 |      73 |   0.0 |  2789
      Depths:5 |       0 |   99594 |   0.0 |       0 |      89 |   0.0 |  6141
         Zot:1 |       0 |   61320 |   0.0 |       0 |      37 |   0.0 |  2507
         Zot:2 |       0 |  113955 |   0.0 |       0 |      64 |   0.0 |  3280
         Zot:3 |       0 |   73143 |   0.0 |       0 |      48 |   0.0 |  2196
         Zot:4 |       0 |   58913 |   0.0 |       0 |      33 |   0.0 |  1649
         Zot:5 |       0 |  218240 |   0.0 |       0 |      80 |   0.0 |  3617
         Sewer |       0 |     438 |   0.0 |       0 |      62 |   0.0 |   809
       Ossuary |       0 |     169 |   0.0 |       0 |      16 |   0.0 |   476
         IceCv |       0 |    9335 |   0.0 |       0 |      36 |   0.0 |  1871
    Desolation |       0 |   51716 |   0.0 |       0 |     100 |   0.0 |  3115
               +---------+---------+-------+---------+---------+-------+---------
